 Dungeon Crawl Stone Soup version 0.25-a0-110-ge29c8f2358 (console) character file.

Game seed: 3558922106080475023, levelgen mode: deterministic

29 Kagalorn the Charmwright (level 3, 17/24 HPs)
             Began as a Halfling Skald on Nov 20, 2019.
             Quit the game on level 1 of the Dungeon.
             The game lasted 00:03:42 (1038 turns).

Kagalorn the Charmwright (Halfling Skald)           Turns: 1038, Time: 00:03:43

Health: 17/24      AC:  3    Str: 12    XL:     3   Next: 32%
Magic:  5/5        EV: 14    Int: 12    God:
Gold:   16         SH:  0    Dex: 13    Spells: 1/5 levels left

rFire    . . .     SeeInvis .   a - +0 falchion
rCold    . . .     Gourm    .   (shield restricted)
rNeg     . . .     Faith    .   b - +0 leather armour
rPois    .         Spirit   .   (no helmet)
rElec    .         Reflect  .   (no cloak)
rCorr    .         Harm     .   (no gloves)
MR       .....                  (no boots)
Stlth    +.........             (no amulet)
HPRegen  0.08/turn              (no ring)
MPRegen  0.09/turn              (no ring)

@: no status effects
A: small, mutation resistance 1
a: no special abilities


You were on level 1 of the Dungeon.
You were hungry.

You visited 1 branch of the dungeon, and saw 1 of its levels.

You collected 16 gold pieces.

Inventory:

Hand Weapons
 a - a +0 falchion (weapon)
Missiles
 f - 4 stones (quivered)
Armour
 b - a +0 leather armour (worn)
Jewellery
 h - an uncursed ring of ice {unknown}
Scrolls
 c - a scroll of immolation {unknown}
 g - a scroll of fog {unknown}
Potions
 e - a potion of lignification {unknown}
 i - a potion of berserk rage {unknown}
Comestibles
 d - a ration


   Skills:
 - Level 1.7 Fighting
 * Level 3.0 Long Blades
 - Level 1.1 Armour
 - Level 2.1 Dodging
 - Level 1.5 Spellcasting
 + Level 3.8 Charms


You had one spell level left.
You knew the following spells:

 Your Spells              Type           Power        Failure   Level  Hunger
a - Infusion              Chrm           ##..         8%          1    ##.....
b - Regeneration          Chrm/Necr      #.........   45%         3    ####...

Your spell library contained the following spells:

 Spells                   Type           Power        Failure   Level  Hunger
 Song of Slaying          Chrm           ##......     11%         2    ###....
 Shroud of Golubria       Chrm/Tloc      #.....       26%         2    ###....
 Spectral Weapon          Hex/Chrm       #.......     45%         3    ####...


Dungeon Overview and Level Annotations

Branches:
Dungeon (1/15)

Altars:


Innate Abilities, Weirdness & Mutations

You are small and have problems with some larger weapons.
You are somewhat resistant to further mutation.


Message History

The leopard gecko misses you. The leopard gecko barely misses you.
You hit the leopard gecko.
You kill the leopard gecko!
Your Long Blades skill increases to level 3!
The hobgoblin closely misses you. The hobgoblin misses you.
You riposte.
You closely miss the hobgoblin.
The hobgoblin is severely wounded.
You hit the hobgoblin.
You kill the hobgoblin!
You see here a +0 club.
You see here a +0 short sword.
You see here a +0 club.
A dart slug comes into view.
You start resting.
You are feeling hungry.
This spell is slightly dangerous to cast.
Memorise Regeneration, consuming 3 spell levels and leaving 1?
You start memorising the spell.
You continue memorising. x3
You finish memorising.
Spell assigned to 'b'.
Are you sure you want to abandon this character and quit the game? (Confirm with "yes".)

. ### #.##.##.# . ###.......# #
#...).....# ########.##.#.#.##
...>.#........#.# ###########
####.#.#.##.###.####.).......#
..##.#.#.##.###......#######.#
#........##......###.# #.####
####.#.#########@# #.# #..... #
#.#.# #.# #.# #.#### # .....
#.# #.# #.# #####...# #.###.#
#.# #.# #...# #...#.#######.#
'.###...# ###.#.........#
'..##...##########.#####.....#
##'##........##....รท.>##.....#
#..##...........##.##........#
##


There were no monsters in sight!

Vanquished Creatures
  4 leopard geckos (D:1)
  A bat (D:1)
  2 giant cockroaches (D:1)
  3 hobgoblins (D:1)
  2 frilled lizards (D:1)
  3 goblins (D:1)
  4 kobolds (D:1)
  5 rats (D:1)
24 creatures vanquished.

Notes
Turn   | Place    | Note
-------+----------+-------------------------------------------
     0 | D:1      | Kagalorn the Halfling Skald began the quest for the Orb.
     0 | D:1      | Reached XP level 1. HP: 14/14 MP: 3/3
   203 | D:1      | Reached XP level 2. HP: 13/19 MP: 4/4
   675 | D:1      | Reached XP level 3. HP: 12/24 MP: 5/5
   838 | D:1      | HP: 1/24 [leopard gecko (4)]
  1038 | D:1      | Learned a level 3 spell: Regeneration
  1038 | D:1      | Quit the game

Levels and vault maps discovered:
D:1:      sevenhm_arrival_forest_fort_small_3, layout_loops_cross

Skill      XL: |  1  2  3 |
---------------+----------+-----
Long Blades    | 3 |  3.0
Fighting       | |  1.7
Armour         | |  1.1
Dodging        | |  2.1
Spellcasting   | |  1.5
Charms         | |  3.8

Action                   || total
-------------------------++-------
Melee: Falchion          ||    72
Armor: Leather armour    ||     9
Dodge: Dodged            ||    48
       Rpst.: Falchion   ||    16

Table legend:
 A = Non-vault XP
 B = Vault XP
 C = Vault XP percentage of total XP
 D = Non-vault monster count
 E = Vault monster count
 F = Vault count percentage of total count
                 A         B        C        D         E       F
            +---------+---------+-------+---------+---------+-------
      Total |      42 |       0 |   0.0 |      24 |       0 |   0.0
            +---------+---------+-------+---------+---------+-------
        D:1 |      42 |       0 |   0.0 |      24 |       0 |   0.0
            +---------+---------+-------+---------+---------+-------
